cohdb
Replays
Latest Replays
All Replays
Popular Replays
Top Player Replays
Match Explorer
How It Works
Community
CoH3 Stats
Reddit
Sign in to upload your games and track your stats! →
Sign in with Steam
Match 47470872
Unlisted
Match 47470872
Overview
Messages
Build Orders
End
Selects Airborne Battlegroup
Selects Pathfinders
Pathfinder Squad
Pathfinder Squad
Construct Weapon Support Center
M1919 Machine Gun Team
Construct Medical Station
Sniper
Air Support Center
Selects Paratrooper Squad Paradrop
Selects Smoke Bombing Run
Paratrooper Squad Paradrop
Grasshopper Recon Run
M3 Armored Personnel Carrier
Selects Supply Drop
Grasshopper Recon Run
Air Supply
Engineer Squad
Paratrooper Squad Paradrop
P-47 Dive Bomb
P-47 Strafing Run
Construct Tank Depot
Grasshopper Recon Run
P-47 Strafing Run
P-47 Dive Bomb
P-47 Strafing Run
M4A1 Sherman Medium Tank
P-47 Dive Bomb
Grasshopper Recon Run
Double Sortie
Selects Dual P-47 Rocket Strike
Selects Anti-tank Gun Team Paradrop
Dual P-47 Rocket Strike
Grasshopper Recon Run
M4A1 Sherman Medium Tank
P-47 Strafing Run
Mylaur
xKOZIx
Ferevat
huebie
C AL
Unsafe
0
0
Comments
sign in to comment!
No comments posted yet!